 Dungeon Crawl Stone Soup version 0.30.1-3-gfc49f6343a (webtiles) character file.

Game seed: 1138560390916017574

8479 shmup the Arsonist (level 11, -7/64 HPs)
             Began as a Tengu Fire Elementalist on Aug 1, 2023.
             Was a Believer of Makhleb.
             Engulfed by a cloud of flame (10 damage)
             ... while petrified by a basilisk
             ... on level 11 of the Dungeon on Aug 2, 2023.
             The game lasted 00:50:37 (15277 turns).

shmup the Arsonist (Tengu Fire Elementalist)       Turns: 15277, Time: 00:50:38

Health: -7/64      AC:  3    Str:  8    XL:     11   Next: 31%
Magic:  17/25      EV:  2    Int: 20    God:    Makhleb [**....]
Gold:   78         SH:  0    Dex: 15    Spells: 3/16 levels left

rFire   . . .        a - +5 short sword (speed)
rCold   . . .        (no shield)
rNeg    + + +        o - +0 robe
rPois   inf          (helmet restricted)
rElec   .            P - +0 cloak
rCorr   .            (no gloves)
SInv    .            (boots unavailable)
Will    .....        k - amulet of regeneration
Stlth   ++           l - ring of wizardry
HPRegen 1.10/turn    s - ring of magical power
MPRegen 0.19/turn

%: wizardry (x1)
@: petrified, flying quickly and evasively, quick
A: beak, talons 3, nimble flight
a: Renounce Religion, Minor Destruction


You were on level 11 of the Dungeon.
You worshipped Makhleb.
Makhleb was pleased with you.
You visited 3 branches of the dungeon, and saw 13 of its levels.
You also visited: Sewer.

You collected 626 gold pieces.
You spent 548 gold pieces at shops.

Inventory:

Hand Weapons
 a - a +5 short sword of speed (weapon)
 b - a +4 dagger
 d - a +0 short sword
 v - a +1 trident of protection
 A - a +2 short sword of electrocution
 D - a +0 dagger
 K - a +0 short sword of protection
 Q - a +3 quarterstaff of chaos
Missiles
 c - 15 stones (quivered)
 e - 6 silver javelins
 i - 18 poisoned darts
 j - 3 silver boomerangs
 w - 7 boomerangs
 J - 2 boomerangs of dispersal
 O - a curare-tipped dart
Armour
 o - a +0 robe (worn)
 t - a +1 pair of gloves
 P - a +0 cloak (worn)
Jewellery
 k - an amulet of regeneration (around neck)
 l - a ring of wizardry (left hand)
 s - a ring of magical power (right hand)
 y - an amulet of faith
 N - a ring of protection from fire
 S - an amulet of the acrobat
Wands
 q - a wand of paralysis (12)
 z - a wand of roots (7)
 T - a wand of mindburst (7)
Scrolls
 m - 2 scrolls of vulnerability
 n - a scroll of brand weapon
 r - 4 scrolls of teleportation
 u - 3 scrolls of immolation
 x - 3 scrolls of amnesia
 F - 2 scrolls of magic mapping
 I - a scroll of torment
 M - a scroll of noise
Potions
 f - a potion of ambrosia
 g - 3 potions of lignification
 h - a potion of curing
 p - a potion of attraction
 B - 9 potions of mutation
 C - a potion of degeneration
 E - a potion of experience {unknown}
 G - 2 potions of cancellation
 H - 3 potions of flight


   Skills:
 + Level 6.3 Fighting
 + Level 7.5 Dodging
 - Level 2.0 Stealth
 + Level 3.2 Spellcasting
 + Level 10.5 Conjurations
 + Level 2.2 Hexes
 + Level 1.5 Summonings
 * Level 12.8 Fire Magic


You had 3 spell levels left.
You knew the following spells:

 Your Spells              Type           Power      Damage    Failure   Level
a - Foxfire               Conj/Fire      100%       2x1d9     1%          1
b - Scorch                Fire           100%       2d9       1%          2
c - Inner Flame           Hex/Fire       33%        N/A       1%          3
d - Summon Guardian Gole  Hex/Summ       10%        N/A       8%          3
w - Flame Wave            Conj/Fire      49%        2d12      1%          4

Your spell library contained the following spells:

 Spells                   Type           Power      Damage    Failure   Level
 Magic Dart               Conj           100%       1d8       1%          1
 Volatile Blastmotes      Fire/Tloc      56%        2d14      1%          3
 Summon Small Mammal      Summ           36%        N/A       3%          1
 Call Imp                 Summ           18%        N/A       4%          2
 Mephitic Cloud           Conj/Pois/Air  17%        N/A       4%          3
 Lesser Beckoning         Tloc           6%         N/A       9%          2
 Call Canine Familiar     Summ           9%         N/A       9%          3
 Portal Projectile        Hex/Tloc       14%        N/A       11%         3
 Gell's Gravitas          Tloc           3%         N/A       16%         3
 Teleport Other           Tloc           3%         N/A       16%         3
 Sticky Flame             Conj/Fire      49%        2d7       1%          4
 Leda's Liquefaction      Hex/Erth       3%         N/A       32%         4


Dungeon Overview and Level Annotations

Branches:
Dungeon (11/15) Zot: 26761  Temple (1/1) D:7 Zot: 5820     Orc (1/2) D:9 Zot: 5995
  Sewer (visited)
   Lair: D:8-11

Altars:
Ashenzari
Cheibriados
Dithmenos
Elyvilon
Fedhas
Gozag
Kikubaaqudgha
Nemelex Xobeh
Okawaru
Qazlal
Ru
Sif Muna
Trog
Uskayaw
Vehumet
Wu Jian
Xom
Yredelemnul
Zin
The Shining One

Shops:
D:1 [:(   D:2 *=[=*

Annotations:
D:9 exclusion: downstairs
D:10 Erica, Nergalle


Innate Abilities, Weirdness & Mutations

You have a beak for a mouth.
You have claws for feet.
Your magical nature lets you fly swiftly and evasively.


Message History

Confirm with . or Enter, or press ? or * to list all spells.
Flames lash the yak.
Flame seeps out of the yak.
The yak is heavily wounded.
The yak's fire resistance burns away.
The yak is engulfed in blazing flames.
Flame seeps out of the yak.
The yak snorts and paws the ground.
Your magical contamination has completely faded away.
The basilisk gazes at you.
You are slowing down.
There is a stone staircase leading up here.
You hit the yak.
Flame seeps out of the yak. x2; You claw the yak.
The yak is almost dead.
The yak is no longer more vulnerable to fire.
A yak comes into view.
The yak is engulfed in blazing flames.
Makhleb accepts your kill.
The yak explodes!
The fiery explosion engulfs the yak!!
You kill the yak!
Makhleb accepts your kill.
The fiery explosion engulfs the water moccasin!!!
You kill the water moccasin!
Makhleb accepts your kill. The fiery explosion engulfs you!!
You hear a shout!
You hear an angry hiss.
Your limbs are stiffening.
You are engulfed in blazing flames.
* * * LOW HITPOINT WARNING * * *
You hear an angry hiss.
The basilisk gazes at you. You resist with some effort.
You have turned to stone.
You stop ascending the stairs.
You are engulfed in blazing flames.
* * * LOW HITPOINT WARNING * * *
You are engulfed in blazing flames.
* * * LOW HITPOINT WARNING * * *
You are engulfed in blazing flames.
* * * LOW HITPOINT WARNING * * *
You are engulfed in blazing flames.
You die...

▒....).▒........
▒......▒.....▒▒'
▒......▒.Y...▒
▒▒.....▒.....▒
▒.....▒...Y...
▒..lY.▒.......
▒.###.▒ ▒.#.#.▒
▒.#Q#.▒ ▒▒▒▒▒▒▒


You could see a yak and a basilisk.

Vanquished Creatures
  3 two-headed ogres (D:9)
  A deep elf pyromancer (D:9)
  Joseph (D:9)
  A troll (D:9)
  Grinder (Sewer)
  2 shadows
  A wraith (D:9)
  5 yaks
  A wyvern (D:9)
  The ghost of SelenaCL the Chopper, an amateur HOFi of the Shining One (D:5)
  Menkaure (D:7)
  2 wargs (D:10)
  2 water moccasins
  3 orc warriors
  A sky beast (D:7)
  A black bear (D:7)
  An ogre (D:5)
  6 centaurs
  A phantom (D:6)
  2 kobold brigands
  5 bullfrogs
  A scorpion (D:7)
  A wight (D:9)
  20 killer bees
  2 howler monkeys (D:9)
  4 jellies
  2 quasits (Sewer)
  3 orc priests (D:11)
  2 hounds
  A gnoll bouda (D:4)
  Crazy Yiuf (D:7)
  3 iguanas
  8 orc wizards
  6 adders
  3 gnolls (D:5)
  A river rat (shapeshifter) (D:9)
  2 shadow imps
  2 white imps
  9 ufetubi
  3 worms
  A dart slug (D:3)
  33 orcs
  A bat zombie (Sewer)
  5 endoplasms
  4 giant cockroaches
  6 goblins
  5 hobgoblins
  2 quokkas
  5 ball pythons
  5 bats
  4 frilled lizards
  23 kobolds
  2 kobold zombies (Sewer)
  8 rats
  A spectral hobgoblin (D:1)
221 creatures vanquished.

Vanquished Creatures (others)
  An iguana (D:11)
  362 foxfires
363 creatures vanquished.

Grand Total: 584 creatures vanquished

Notes
Turn   | Place    | Note
-------+----------+-------------------------------------------
     0 | D:1      | shmup the Tengu Fire Elementalist began the quest for the
                  | Orb.
     0 | D:1      | Reached XP level 1. HP: 10/10 MP: 4/4
   201 | D:1      | Found Vaufoe's Antique Armour Shop.
   277 | D:1      | Reached XP level 2. HP: 15/15 MP: 1/6
   592 | D:1      | Found Uzexkuwn's Book Shop.
   758 | D:1      | Learned a level 2 spell: Scorch
   792 | D:1      | Found Qathaacua's Weapon Shop.
   855 | D:1      | Found a faded altar of an unknown god.
   861 | D:1      | Reached skill level 4 in Fire Magic
  1074 | D:2      | Reached XP level 3. HP: 19/19 MP: 2/7
  1122 | D:2      | Found Kuzonuno's Jewellery Emporium.
  1241 | D:2      | Found Atighal's General Store.
  1752 | D:2      | Found Bolulong's General Store.
  1758 | D:2      | Reached XP level 4. HP: 24/24 MP: 5/8
  1758 | D:2      | Found a shadowy altar of Dithmenos.
  1960 | D:2      | Found Buly's Antique Armour Shoppe.
  1974 | D:2      | Found Mexor's Jewellery Shop.
  1992 | D:2      | Bought a scroll of identify for 24 gold pieces
  2434 | D:3      | Reached skill level 5 in Fire Magic
  3196 | D:4      | Found a glowing drain.
  3211 | D:4      | Gained mutation: Your magical nature lets you fly swiftly
                  | and evasively. [Tengu growth]
  3211 | D:4      | Reached XP level 5. HP: 28/28 MP: 4/9
  3278 | Sewer    | Entered a sewer
  3633 | Sewer    | Found a burning altar of Makhleb.
  3850 | Sewer    | Noticed a kobold brigand
  3885 | Sewer    | Killed a kobold brigand
  3886 | Sewer    | Reached skill level 6 in Fire Magic
  3886 | Sewer    | Reached XP level 6. HP: 30/32 MP: 6/10
  4207 | Sewer    | Became a worshipper of Makhleb the Destroyer
  4222 | Sewer    | Noticed Grinder
  4371 | Sewer    | Paralysed by Grinder for 4 turns
  4383 | Sewer    | Killed Grinder
  4384 | Sewer    | Reached skill level 5 in Conjurations
  4384 | Sewer    | Reached skill level 7 in Fire Magic
  4384 | Sewer    | Reached XP level 7. HP: 36/36 MP: 6/11
  4518 | D:4      | Found an ornate altar of the Wu Jian Council.
  5430 | D:5      | Entered Level 5 of the Dungeon
  5665 | D:5      | Found a runed translucent door.
  5668 | D:5      | Noticed SelenaCL's ghost (amateur HOFi)
  5702 | D:5      | Reached skill level 8 in Fire Magic
  6566 | D:6      | Reached skill level 1 in Fighting
  6595 | D:6      | Reached XP level 8. HP: 43/43 MP: 5/12
  6646 | D:6      | Learned a level 3 spell: Inner Flame
  6747 | D:6      | Reached * piety under Makhleb
  7539 | D:6      | Reached skill level 1 in Hexes
  7830 | D:6      | Learned a level 4 spell: Flame Wave
  7836 | D:7      | Reached skill level 9 in Fire Magic
  7952 | D:7      | Noticed Menkaure
  8137 | D:7      | Killed Menkaure
  8138 | D:7      | Reached XP level 9. HP: 18/49 MP: 2/13
  8274 | D:7      | Found a staircase to the Ecumenical Temple.
  8633 | D:7      | Found a runed translucent door.
  8634 | D:7      | Noticed Crazy Yiuf
  8795 | D:7      | Reached skill level 10 in Fire Magic
  9097 | D:7      | Killed Crazy Yiuf
  9176 | Temple   | Entered the Ecumenical Temple
  9704 | D:8      | Reached skill level 5 in Dodging
  9918 | D:8      | Found a hide-covered altar of Uskayaw.
 10135 | D:8      | Found a bloodstained altar of Trog.
 10288 | D:9      | Reached ** piety under Makhleb
 10517 | D:9      | Noticed a deep elf pyromancer
 10819 | D:9      | Found a white marble altar of Elyvilon.
 10869 | D:10     | Entered Level 10 of the Dungeon
 11028 | D:10     | Noticed Erica
 11049 | D:10     | HP: 1/52 [something (5)]
 11125 | D:9      | Killed a deep elf pyromancer
 11126 | D:9      | Reached skill level 11 in Fire Magic
 11126 | D:9      | Reached XP level 10. HP: 29/58 MP: 5/15
 11208 | D:9      | Noticed a two-headed ogre
 11212 | D:9      | Noticed a two-headed ogre
 11216 | D:9      | Killed a two-headed ogre
 11282 | D:9      | Found a staircase to the Orcish Mines.
 11286 | D:9      | Noticed Joseph
 11290 | D:9      | Killed a two-headed ogre
 11291 | D:9      | Reached skill level 5 in Fighting
 11624 | D:9      | Killed Joseph
 12114 | D:9      | Found a sparkling altar of Nemelex Xobeh.
 12125 | D:9      | Found a basalt altar of Yredelemnul.
 12126 | D:9      | Found an opulent altar of Gozag.
 12223 | D:9      | Reached skill level 12 in Fire Magic
 12629 | D:9      | Noticed a two-headed ogre
 12794 | D:9      | Killed a two-headed ogre
 12795 | D:9      | Reached skill level 10 in Conjurations
 12795 | D:9      | Reached XP level 11. HP: 64/64 MP: 4/16
 13290 | D:2      | Bought a ring of wizardry for 300 gold pieces
 13290 | D:2      | Bought a ring of magical power for 200 gold pieces
 13344 | D:2      | Learned a level 4 spell: Sticky Flame
 13563 | Orc:1    | Entered Level 1 of the Orcish Mines
 13855 | D:2      | Bought a scroll of identify for 24 gold pieces
 14046 | D:5      | Killed SelenaCL's ghost
 14832 | D:10     | Learned a level 3 spell: Summon Guardian Golem
 14884 | D:10     | Reached skill level 1 in Summonings
 14892 | D:10     | Noticed Nergalle
 15276 | D:11     | HP: 2/64 [cloud of flame (6)]
 15277 | D:11     | Engulfed by a cloud of flame

Illustrated notes

Levels and vault maps discovered:
D:1:      dpeg_arrival_prison, layout_loops_cross, serial_shops, shop, shop,
          shop, dreamdust_ecumenical_altar_drowned_temple,
          corexii_hall_statues_i
D:2:      layout_basic, serial_shops, shop, shop,
          nicolae_shop_tiny_real_fake_doors, nicolae_shop_trees, shop,
          basic_altar, chequers_garden, grunt_ministairs_7
D:3:      layout_loops_ring
D:4:      layout_loops_corners, old_standard_altar, gup_sewer_entry_glass,
          fountainhead
D:5:      layout_loops_ring, ebering_ghost_sewer_d
D:6:      layout_gridville
D:7:      layout_rooms, minmay_temple_entry_offerings, uniq_crazy_yiuf_cottage,
          uniq_menkaure
D:8:      layout_basic, trog_book, mainiacjoe_overflow_boulevard,
          grunt_decor_fettered, kennysheep_windowed_goal
D:9:      kennysheep_blocky_room, layout_irregular_city,
          nicolae_overflow_hidden_temple, minitemple, orc_0_dummy, uniq_joseph
D:10:     layout_long_grid, mainiacjoe_overflow_small_starburst,
          riverfiend_overflow_shadow_ancestor, nooodl_orcs_dogs, uniq_nergalle,
          uniq_erica
D:11:     layout_irregular_city, minmay_lair_entry_grove
Temple:   nicolae_temple_slightly_damp_pantheon
Orc:1:    layout_caves

Skill      XL: |  1  2  3  4  5  6  7  8  9 10 11 |
---------------+----------------------------------+-----
Conjurations   | 2 3 4 5 6 7 8 10 | 10.5
Fire Magic     | 4 5 6 7 8 9 11 12 | 12.8
Fighting       | 1 2 4 5 6 |  6.3
Dodging        | 4 5 7 |  7.5
Hexes          | 1 2 |  2.2
Spellcasting   | 3 |  3.2
Summonings     | 1 |  1.5
Stealth        | |  2.0

Action                     |  1- 3 |  4- 6 |  7- 9 | 10-12 || total
---------------------------+-------+-------+-------+-------++-------
  Melee: Short sword       |     3 |    31 |    22 |    24 ||    80
         Kick              |       |     7 |     4 |    11 ||    22
         Peck              |       |     4 |     5 |     3 ||    12
  Throw: Stone             |       |       |     1 |       ||     1
   Cast: Foxfire           |    54 |    35 |    76 |    46 ||   211
         Scorch            |     5 |    42 |   104 |    63 ||   214
         Inner Flame       |       |       |     2 |     8 ||    10
         Flame Wave        |       |       |       |     5 ||     5
         Summon Guardian G |       |       |       |     1 ||     1
    Use: Scroll            |       |     4 |    16 |    13 ||    33
         Potion            |       |       |     5 |       ||     5
   Stab: Sleeping          |       |       |     1 |       ||     1
 Armour: Robe              |       |    12 |     7 |     2 ||    21
  Dodge: Dodged            |    15 |    37 |    72 |    59 ||   183
